 Dungeon Crawl Stone Soup version 0.20-a0-540-ge6d1839 (webtiles) character file.

111 Klosterheim the Skirmisher (level 4, 0/49 HPs)
             Began as an Ogre Skald on Jan 29, 2017.
             Slain by a worker ant (5 damage)
             ... on level 3 of the Dungeon.
             The game lasted 00:02:36 (2509 turns).

Klosterheim the Skirmisher (Ogre Skald)             Turns: 2509, Time: 00:02:37

Health: 0/49       AC:  3    Str: 15    XL:     4   Next: 92%
Magic:  4/7        EV: 10    Int: 14    God:
Gold:   162        SH:  0    Dex:  9    Spells: 6/7 levels left

rFire    + . .     SeeInvis .   s - +0 flail
rCold    . . .     Gourm    .   b - +0 robe
rNeg     . . .     Faith    +   (no shield)
rPois    .         Spirit   .   (helmet restricted)
rElec    .         Reflect  .   (no cloak)
rCorr    .         Harm     .   (gloves unavailable)
MR       .....                  (boots unavailable)
Stlth    +.........             k - amulet of faith
Regen    0.2/turn               (no ring)
                                n - ring of protection from fire

@: lethally poisoned (0 -> -3), infused
A: unfitting armour, tough skin 1
a: no special abilities


You were on level 3 of the Dungeon.
You were very hungry.

You visited 1 branch of the dungeon, and saw 3 of its levels.

You collected 162 gold pieces.

Inventory:

Hand Weapons
 s - a +0 flail (weapon)
Armour
 b - a +0 robe (worn)
Jewellery
 k - an amulet of faith (around neck)
 n - a ring of protection from fire (left hand)
Scrolls
 a - a scroll of amnesia {unknown}
 e - 6 scrolls of identify {unknown}
 j - 3 scrolls of remove curse {unknown}
 m - 2 scrolls of magic mapping {unknown}
 o - a scroll of enchant armour {unknown}
 r - 2 scrolls of enchant weapon {unknown}
Potions
 p - a potion of heal wounds {unknown}
 q - a potion of curing {unknown}
Books
 c - a book of Battle

   Spells                             Type                      Level
   a - Infusion                       Charms                       1
   b - Shroud of Golubria             Charms/Translocation         2
   c - Song of Slaying                Charms                       2
   d - Spectral Weapon                Hexes/Charms                 3
   e - Regeneration                   Charms/Necromancy            3
Comestibles
 d - 3 bread rations
 f - a fruit
 g - a meat ration
 i - a royal jelly


   Skills:
 + Level 4.4 Fighting
 * Level 3.7 Maces & Flails
 - Level 2.1 Dodging
 - Level 2.4 Spellcasting
 - Level 2.6 Charms


You had 6 spell levels left.
You knew the following spells:

 Your Spells              Type           Power        Failure   Level  Hunger
a - Infusion              Chrm           #...         10%         1    #......


Dungeon Overview and Level Annotations

Branches:
Dungeon (3/15)

Altars:


Innate Abilities, Weirdness & Mutations

You are too large for most types of armour.
You have tough skin. (AC +1)


Message History

You hit the worker ant.
The worker ant is lightly wounded.
The worker ant bites you but does no damage.
The kobold hits you. The worker ant closely misses you. The kobold hits you.
* * * LOW HITPOINT WARNING * * *
You sock the worker ant!
The worker ant is severely wounded.
You feel sick. The worker ant barely misses you. The kobold hits you.
* * * LOW HITPOINT WARNING * * *
You hit the worker ant.
The worker ant is severely wounded.
You feel sick. The worker ant bites you.
* * * LOW HITPOINT WARNING * * *
The kobold hits you.
* * * LOW HITPOINT WARNING * * *
The worker ant bites you.
* * * LOW HITPOINT WARNING * * *
It was a potion of cure mutation.
It has a very clean taste.
The worker ant bites you.
You die...

...... (.... .... ... ..
######### .#
........##########†###
.######.#.......@ah..##.#
..# #.#........K......#
..#####.#.....##..#..##..
..#.....#....##..###..#
).#.........###..# ..#
..#......##.# #.## .#
..#......##.# ## #
#.#.#######.# ..#. ...


You could see a worker ant, a jackal and a kobold.

Vanquished Creatures
  4 gnolls (D:2)
  2 adders (D:2)
  2 dart slugs (D:1)
  7 bats
  A giant cockroach (D:1)
  10 goblins
  5 hobgoblins
  5 jackals
  5 kobolds
  A quokka (D:2)
  3 frilled lizards
  3 rats
48 creatures vanquished.

Notes
Turn   | Place    | Note
-------+----------+-------------------------------------------
     0 | D:1      | Klosterheim the Ogre Skald began the quest for the Orb.
     0 | D:1      | Reached XP level 1. HP: 22/22 MP: 3/3
   443 | D:1      | Reached skill level 3 in Fighting
   451 | D:1      | Reached XP level 2. HP: 22/31 MP: 0/5
   890 | D:1      | Reached XP level 3. HP: 37/37 MP: 6/6
  1671 | D:2      | Reached skill level 4 in Fighting
  1749 | D:2      | Reached XP level 4. HP: 24/48 MP: 3/7
  2509 | D:3      | Slain by a worker ant

Vault maps used:
D:1:      dpeg_arrival_brainrot
D:2:      first_bread
D:3:      gammafunk_temple_overflow_claw, uniq_natasha

Skill      XL: |  1  2  3 |
---------------+----------+-----
Maces & Flails | 2 3 |  3.7
Fighting       | 3 4 |  4.4
Dodging        | |  2.1
Spellcasting   | |  2.4
Charms         | |  2.6

Action                   |  1- 3 |  4- 6 || total
-------------------------+-------+-------++-------
Melee: Mace              |   107 |       ||   107
       Flail             |       |    42 ||    42
 Cast: Infusion          |     3 |     3 ||     6
  Use: Potion            |       |     1 ||     1
  Eat: Chunk             |     3 |     1 ||     4
Armor: Robe              |    38 |    16 ||    54
Dodge: Dodged            |    83 |    40 ||   123
